 Dungeon Crawl Stone Soup version 0.31-a0-844-gdc52ec4e09 (webtiles) character file.

Game seed: 461103811779599217

56 retardedninja the Firebug (level 3, -3/19 HPs)
             Began as a Gargoyle Fire Elementalist on Sept 28, 2023.
             Slain by a gnoll
             ... wielding a +0 halberd
              (7 damage)
             ... on level 2 of the Dungeon.
             The game lasted 00:01:43 (1875 turns).

retardedninja the Firebug (GrFE)                    Turns: 1875, Time: 00:01:46

Health: -3/19      AC:  5    Str: 11    XL:     3   Next: 95%
Magic:  2/6        EV: 12    Int: 17    God:
Gold:   93         SH:  0    Dex: 10    Spells: 5/6 levels left

rFire   . . .        d - +0 flail
rCold   . . .        (no shield)
rNeg    + . .        a - +0 robe
rPois   ∞            (no helmet)
rElec   +            (no cloak)
rCorr   .            (no gloves)
SInv    .            (no boots)
Will    .....        (no amulet)
Stlth   ++           (no ring)
HPRegen 0.23/turn    (no ring)
MPRegen 0.10/turn

%: no passive effects
@: no status effects
A: sickness immunity, AC +3, negative energy resistance 1, electricity
resistance, torment resistance 1, petrification resistance
a: no special abilities


You were on level 2 of the Dungeon.
You visited 1 branch of the dungeon, and saw 2 of its levels.

You collected 93 gold pieces.

Inventory:

Hand Weapons
 d - a +0 flail (weapon)
Missiles
 c - 6 javelins
Armour
 a - a +0 robe (worn)
Scrolls
 e - a scroll of identify {unknown}
 f - a scroll of poison {unknown}
 g - 2 scrolls of blinking {unknown}
 i - a scroll of enchant armour {unknown}
 l - a scroll of amnesia {unknown}
 m - a scroll of brand weapon {unknown}
Potions
 b - a potion of magic
 h - a potion of curing {unknown}
 j - a potion of heal wounds {unknown}
 k - a potion of degeneration {unknown}


   Skills:
 + Level 2.0 Dodging
 + Level 2.9 Stealth
 + Level 2.4 Spellcasting
 + Level 1.9 Conjurations
 + Level 3.4 Fire Magic


You had 5 spell levels left.
You knew the following spells:

 Your Spells              Type           Power      Damage    Failure   Level
a - Foxfire               Conj/Fire      44%        2x1d6     6%          1

Your spell library contained the following spells:

 Spells                   Type           Power      Damage    Failure   Level
 Scorch                   Fire           26%        2d6       7%          2
 Inner Flame              Hex/Fire       7%         N/A       28%         3
 Volatile Blastmotes      Fire/Tloc      14%        2d11      28%         3
 Flame Wave               Conj/Fire      11%        2d6       52%         4
 Plasma Beam              Fire/Air       3%         2x1d13    100%        6
 Starburst                Conj/Fire      5%         6d4       100%        6


Dungeon Overview and Level Annotations

Branches:
Dungeon (2/15)

Altars:


Innate Abilities, Weirdness & Mutations

You are immune to sickness and miasma.
Your stone body is resilient. (AC +3)
You are immune to poison.
You resist negative energy. (rN+)
You are resistant to electric shocks. (rElec)
You are resistant to unholy torment.
You are immune to petrification.


Message History

The endoplasm is severely wounded.
The bat hits you but does no damage.
You conjure some foxfire!
The foxfire hits the bat.
You kill the bat!
The endoplasm jiggles.
The endoplasm hits you but does no damage.
Your magical contamination has completely faded away.
The foxfire hits the endoplasm.
You kill the endoplasm!
You conjure some foxfire!
Your foxfire dissipates! x2
You see here a bat corpse.
A gnoll comes into view. It is wielding a +0 club.
A gnoll is nearby!
A gnoll is nearby!
A gnoll is nearby!
You conjure some foxfire!
The foxfire hits the gnoll.
The gnoll is lightly wounded.
The gnoll shouts!
You hear a shout! x2
You conjure some foxfire!
The foxfire hits the gnoll.
The gnoll is moderately wounded.
A gnoll comes into view. It is wielding a +0 flail.
You conjure some foxfire!
The gnoll misses you.
The foxfire hits the gnoll but does no damage.
The gnoll is moderately wounded.
You conjure some foxfire!
The foxfire hits the gnoll.
The gnoll is moderately wounded.
A gnoll comes into view. It is wielding a +0 halberd.
The gnoll hits you with a +0 flail.
You conjure some foxfire!
The gnoll hits you with a +0 flail!
The foxfire hits the gnoll.
The gnoll is heavily wounded.
The foxfire hits the gnoll.
The gnoll is severely wounded.
The gnoll hits you with a +0 flail.
* * * LOW HITPOINT WARNING * * *
The gnoll hits you from afar with a +0 halberd!
You die...

#.#.._.⌠..........
#.#.....##.######.
#..⌠.⌠.⌠##.# #.
####.#.###)# #. #
#..#.#.# #.# #.
#.#..#.#.# #.# #.
#?#..#.#.# #.# ##
#.§v§#.#.# #.#
###@##.#.###.#
#gg†§......#.#
#g#.##.#.#.#.#
#.#.##.#.#.#†#######
# #.##.#.#.#........
#.##.#.#.#########
#.##.#...#
#.##.##### ..##.#


You could see 3 gnolls.

Vanquished Creatures
  An adder (D:2)
  2 dart slugs (D:1)
  9 endoplasms
  3 giant cockroaches (D:1)
  A goblin (D:1)
  6 hobgoblins
  2 kobolds
  3 quokkas (D:1)
  4 ball pythons
  3 bats
  A frilled lizard (D:1)
  A rat (D:1)
36 creatures vanquished.

Vanquished Creatures (others)
  162 foxfires
162 creatures vanquished.

Grand Total: 198 creatures vanquished

Notes
Turn   | Place    | Note
-------+----------+-------------------------------------------
     0 | D:1      | retardedninja the Gargoyle Fire Elementalist began the
                  | quest for the Orb.
     0 | D:1      | Reached XP level 1. HP: 10/10 MP: 3/3
   198 | D:1      | Reached XP level 2. HP: 15/15 MP: 0/5
   595 | D:1      | Reached XP level 3. HP: 19/19 MP: 2/6
  1625 | D:2      | Found a faded altar of an unknown god.
  1875 | D:2      | Slain by a gnoll

Illustrated notes

Levels and vault maps discovered:
D:1:      sevenhm_arrival_forest_fort_large_4, layout_basic
D:2:      layout_basic, basic_altar, hellmonk_ecumenical_altar_run_dry,
          minivault_24

Skill      XL: |  1  2  3 |
---------------+----------+-----
Dodging        | 2 |  2.0
Stealth        | |  2.9
Spellcasting   | |  2.4
Conjurations   | |  1.9
Fire Magic     | |  3.4

Action                     || total
---------------------------++-------
  Melee: Unarmed           ||     9
   Cast: Foxfire           ||    95
 Armour: Robe              ||    26
  Dodge: Dodged            ||    14

Table legend: (Time is in decaauts)
 A = Elapsed time spent in this place.
 B = Non-inter-level travel time spent in this place.
 C = Inter-level travel time spent in this place.
 D = Time resting spent in this place.
 E = Time spent auto-exploring this place.
 F = Levels seen in this place.
 G = Mean time per level.
                   A        B        C        D        E       F      G
               +--------+--------+--------+--------+--------+-----+--------+
         Total |   1874 |   1795 |     79 |      0 |   1462 |   2 |  937.0 |
       Dungeon |   1874 |   1795 |     79 |      0 |   1462 |   2 |  937.0 |
               +--------+--------+--------+--------+--------+-----+--------+

Top non-repeatable levels by time:
     D:1: 1517 daAuts
     D:2: 356 daAuts
